 Dungeon Crawl Stone Soup version 0.30-a0-223-gcb0039aa0c (webtiles) character file.

Game seed: 6847434658711385659

86 lunkers the Ruffian (level 5, -4/40 HPs)
             Began as a Meteoran Wanderer on Oct 8, 2022.
             Slain by a gnoll
             ... wielding a +1 flail of protection
              (6 damage)
             ... on level 2 of the Dungeon on Oct 10, 2022.
             The game lasted 00:05:14 (441 turns).

lunkers the Ruffian (Meteoran Wanderer)              Turns: 441, Time: 00:05:15

Health: -4/40      AC:  4    Str: 14    XL:     5   Next: 7%
Magic:  2/10       EV: 11    Int: 15    God:
Gold:   45         SH:  0    Dex: 13    Spells: 6/10 levels left

rFire   . . .      SeeInvis .    a - +0 club
rCold   . . .      Faith    .    (no shield)
rNeg    . . .      Spirit   .    d - +0 robe
rPois   .          Reflect  .    f - +1 helmet
rElec   .          Harm     .    (no cloak)
rCorr   .          Rampage  .    (no gloves)
Will    .....                    (no boots)
Stlth   +.........               (no amulet)
HPRegen 0.26/turn                (no ring)
MPRegen 0.12/turn                (no ring)

@: glowing
A: sense surroundings 1, otherworldly, glowing, explore regen
a: no special abilities


You were on level 2 of the Dungeon.
You visited 1 branch of the dungeon, and saw 2 of its levels.

You collected 45 gold pieces.

Inventory:

Hand Weapons
 a - a +0 club (weapon)
Armour
 d - a +0 robe (worn)
 f - a +1 helmet (worn)
 g - a +1 helmet
Wands
 c - a wand of polymorph (1)
Scrolls
 e - 2 scrolls of blinking
 h - a scroll of identify {unknown}
 i - a scroll of fear {unknown}
Potions
 b - a potion of haste
 j - a potion of might {unknown}


   Skills:
 - Level 1.1 Fighting
 - Level 6.0 Unarmed Combat
 + Level 3.0 Spellcasting
 * Level 4.2 Conjurations
 - Level 2.4 Evocations


You had 6 spell levels left.
You knew the following spells:

 Your Spells              Type           Power      Damage    Failure   Level
a - Foxfire               Conj/Fire      32%        2x1d5     9%          1
b - Stone Arrow           Conj/Erth      16%        3d8       26%         3

Your spell library contained the following spells:

 Spells                   Type           Power      Damage    Failure   Level


Dungeon Overview and Level Annotations

Branches:
Dungeon (2/15) Zot: 746

Altars:


Innate Abilities, Weirdness & Mutations

You passively map a small area around you.
You are easily found by Zot.
You glow in the dark.
You regain HP and MP as you explore.


Message History

You conjure some foxfire!
* * * LOW MAGIC WARNING * * *
The foxfire hits the gnoll but does no damage.
The gnoll is heavily wounded.
The foxfire hits the gnoll.
The gnoll is severely wounded.
The gnoll attacks as you move away! The gnoll barely misses you.
The gnoll attacks as you move away!
The gnoll hits you with a +1 flail of protection.
* * * LOW HITPOINT WARNING * * *
Casting: Foxfire (safe; 9% risk of failure)
Press: ? - help, Q - select action, (/) - cycle Dir - look around, f - activate You conjure some foxfire!
* * * LOW MAGIC WARNING * * *
The gnoll hits you with a +1 flail of protection.
* * * LOW HITPOINT WARNING * * *
The foxfire hits the gnoll but does no damage.
The gnoll is severely wounded.
The foxfire hits the gnoll but does no damage.
The gnoll is severely wounded.
The gnoll closely misses you. The gnoll attacks as you move away!
The gnoll barely misses you. The gnoll attacks as you move away!
The gnoll hits you with a +1 flail of protection.
* * * LOW HITPOINT WARNING * * *
The gnoll attacks as you move away!
The gnoll hits you with a +1 flail of protection.
* * * LOW HITPOINT WARNING * * *
Casting: Foxfire (safe; 9% risk of failure)
Press: ? - help, Q - select action, (/) - cycle Dir - look around, f - activate You conjure some foxfire!
* * * LOW MAGIC WARNING * * *
The gnoll hits you with a +1 flail of protection.
* * * LOW HITPOINT WARNING * * *
The foxfire hits the gnoll but does no damage.
The gnoll is heavily wounded.
The foxfire hits the gnoll but does no damage.
The gnoll is heavily wounded.
The gnoll hits you with a +1 flail of protection.
You die...

, * ########
*#.#####......#
#....<..)....#
*###.########.# # *
# # #.# # ,, .*.#
#.# # * .#.# #.#
#####.#.########ยง#
...... .........@#
################g#
.[....#...)...##.#
#####.#.#####[##.#
#.#.#####.##.#
#.#....##....#
#.####.#####.#
#.####.#####.#
#............#


You could see a gnoll.

Vanquished Creatures
  A hound (D:2)
  2 gnolls (D:2)
  A dart slug (D:1)
  3 ball pythons (D:1)
  2 bats
  4 endoplasms (D:1)
  3 giant cockroaches (D:1)
  7 hobgoblins (D:1)
  2 frilled lizards (D:1)
  4 goblins
  4 kobolds
  A rat (D:1)
34 creatures vanquished.

Vanquished Creatures (collateral kills)
  A foxfire (D:1)
1 creature vanquished.

Vanquished Creatures (others)
  101 foxfires
101 creatures vanquished.

Grand Total: 136 creatures vanquished

Notes
Turn   | Place    | Note
-------+----------+-------------------------------------------
     0 | D:1      | lunkers the Meteoran Wanderer began the quest for the Orb.
     0 | D:1      | lunkers set off with the following items: a +0 club, a
                  | potion of haste, a wand of polymorph (4), a +0 robe, 2
                  | scrolls of blinking; and the following spell memorised:
                  | Foxfire; and the following spells available to memorise:
                  | Stone Arrow.
     0 | D:1      | Reached XP level 1. HP: 16/16 MP: 3/3
    35 | D:1      | Reached XP level 2. HP: 19/23 MP: 1/5
   109 | D:1      | Reached XP level 3. HP: 28/28 MP: 1/7
   109 | D:1      | Upgraded the game from 0.30-a0-222-ge547ba4400 to
                  | 0.30-a0-223-gcb0039aa0c
   341 | D:2      | Reached XP level 4. HP: 35/35 MP: 0/8
   361 | D:2      | Learned a level 3 spell: Stone Arrow
   376 | D:2      | Reached XP level 5. HP: 22/40 MP: 0/10
   440 | D:2      | HP: 2/40 [gnoll/+1 flail of protection (5)]
   441 | D:2      | Slain by a gnoll

Illustrated notes

Levels and vault maps discovered:
D:1:      shiori_arrival_maze, layout_rooms, amcnicky_mini_corridor_feature,
          serial_bayou_pond_d, minivault_14
D:2:      layout_rooms, serial_co_window_serial, co_window_paths_a,
          co_window_corner_a, co_window_paths_a, co_window_paths_b,
          co_window_paths_a, co_window_of_opportunity_b, co_window_broadway_b,
          co_window_2corner, co_window_4corner_b, glass_columns_a,
          glass_columns_a, glass_columns_a, uniq_jessica

Skill      XL: |  1  2  3  4 |
---------------+-------------+-----
Conjurations   | 2 3 4 |  4.2
Spellcasting   | 2 3 |  3.0
Fighting       | |  1.1
Unarmed Combat | |  6.0
Evocations     | |  2.4

Action                   |  1- 3 |  4- 6 || total
-------------------------+-------+-------++-------
Melee: Club              |    28 |     8 ||    36
       Punch             |     1 |       ||     1
 Cast: Foxfire           |    44 |    11 ||    55
Evoke: Wand              |       |     3 ||     3
Armor: Robe              |    21 |     4 ||    25
Dodge: Dodged            |    24 |    11 ||    35

Table legend: (Time is in decaauts)
 A = Elapsed time spent in this place.
 B = Non-inter-level travel time spent in this place.
 C = Inter-level travel time spent in this place.
 D = Time resting spent in this place.
 E = Time spent auto-exploring this place.
 F = Levels seen in this place.
 G = Mean time per level.
                   A        B        C        D        E       F      G
               +--------+--------+--------+--------+--------+-----+--------+
         Total |    452 |    452 |      0 |      0 |     28 |   2 |  226.0 |
       Dungeon |    452 |    452 |      0 |      0 |     28 |   2 |  226.0 |
               +--------+--------+--------+--------+--------+-----+--------+

Top non-repeatable levels by time:
     D:1: 251 daAuts
     D:2: 200 daAuts
